Map: Triton LE

Players

Mez

  • Race: Terran Terran
  • League: Master
  • Spawn Location: 5:00

A.I. 1 (Very Easy) - Winner!

  • Race: Terran Terran
  • Spawn Location: 11:00

VOD

Have the link to the VOD?

Description

Time

  • Played on: Aug. 27, 2019, 9:09 p.m.
  • Length: 10:15
Show
View Real Time Build Order
Export as new Build Order

Mez Terran 

Build Orders: Gas First Reaper Expand, Hellion Opening 

Get SALT Encoding   

  6  0:00  SCV  
  13  0:12  SCV  
  14  0:18  Supply Depot  
  14  0:24  SCV  
  14  0:27  Refinery  
  15  0:40  SCV  
  16  0:45  Barracks  
  16  0:52  SCV  
  17  1:04  SCV  
  18  1:16  SCV  
  19  1:33  Orbital Command, Reaper  
  20  1:48  Command Center  
  20  1:56  Factory  
  20  1:59  SCV  
  21  2:06  Barracks Reactor  
  21  2:11  Supply Depot  
  21  2:14  SCV  
  22  2:21  Refinery  
  22  2:26  SCV  
  23  2:38  SCV  
  24  2:44  Starport  
  24  2:50  SCV  
  25  2:51  Hellion  
  25  2:52  Hellion  
  25  2:54  Barracks Tech Lab  
  29  3:04  Orbital Command  
  29  3:13  Marauder  
  29  3:16  Hellion  
  29  3:17  Hellion  
  35  3:20  Concussive Shells  
  35  3:25  Medivac  
  37  3:30  Supply Depot  
  37  3:35  Marauder  
  39  3:43  SCV x2  
  39  3:45  Hellion  
  39  3:48  Hellion  
  45  3:54  Supply Depot  
  45  3:59  Viking  
  47  4:05  SCV x2  
  49  4:17  Factory Tech Lab  
  49  4:18  SCV x2  
  49  4:22  Supply Depot  
  51  4:30  SCV x2  
  53  4:38  Marine x2  
  53  4:42  SCV x2  
  53  4:43  Command Center  
  53  4:45  Cyclone  
  60  4:49  Raven  
  62  4:53  Supply Depot  
  62  4:55  SCV  
  62  4:56  SCV  
  64  5:01  Marine x2  
  66  5:08  SCV x2  
  68  5:15  Supply Depot  
  68  5:19  Siege Tank  
  68  5:20  SCV x2  
  75  5:32  SCV x2  
  75  5:37  Starport Reactor, Barracks  
  75  5:39  Barracks  
  75  5:40  Stimpack  
  75  5:41  Marine  
  76  5:44  SCV x2  
  76  5:46  Refinery  
  76  5:47  Refinery  
  76  5:48  Supply Depot  
  78  5:55  Orbital Command  
  78  5:56  SCV  
  78  5:57  SCV  
  80  5:58  Siege Tank  
  83  6:08  SCV  
  83  6:09  Marine, SCV  
  83  6:10  Barracks  
  86  6:12  Barracks  
  86  6:14  Orbital Command  
  86  6:20  SCV  
  86  6:21  SCV  
  88  6:27  Barracks Reactor  
  88  6:28  Starport Reactor  
  88  6:32  Supply Depot  
  88  6:33  Siege Tank  
  88  6:34  Marine x5  
  88  6:36  Engineering Bay  
  88  6:37  Engineering Bay  
  88  6:39  SCV x2  
  99  6:40  SCV  
  99  6:51  Marine x2  
  99  6:52  Marine x2  
  103  6:54  Marine  
  103  6:56  SCV x2  
  103  6:58  Barracks Reactor  
  103  6:59  Barracks Reactor, Supply Depot  
  106  7:02  SCV  
  106  7:04  Terran Infantry Armor Level 1, Terran Infantry Weapons Level 1  
  106  7:08  SCV x2  
  109  7:09  Marine  
  109  7:11  Medivac x2, Refinery  
  109  7:14  SCV  
  115  7:18  Refinery  
  115  7:19  Supply Depot  
  115  7:20  SCV x2  
  117  7:23  Supply Depot  
  117  7:24  Marine x4  
  117  7:26  SCV, Combat Shield  
  117  7:27  Marine  
  123  7:34  SCV x2  
  125  7:41  Marine x4, Siege Tank, SCV  
  125  7:42  Supply Depot  
  133  7:44  Marine x2  
  133  7:49  Marine x3  
  133  7:50  Medivac  
  140  7:57  SCV  
  141  8:02  Supply Depot  
  141  8:04  SCV x2, Medivac  
  141  8:05  Supply Depot  
  145  8:09  Marine x4  
  145  8:10  Armory  
  149  8:15  Command Center  
  149  8:24  Marine x5, Siege Tank  
  149  8:26  Marine  
  149  8:27  Marine x3, Factory, Medivac  
  157  8:30  Supply Depot  
  157  8:32  Supply Depot  
  163  8:45  Medivac  
  165  8:54  Marine x6  
  171  9:00  Barracks  
  171  9:01  Barracks  
  171  9:02  Barracks  
  171  9:11  Marine x3  
  171  9:13  Marine x5  
  171  9:14  Factory Tech Lab, Siege Tank  
  171  9:15  Medivac x2  
  186  9:19  Supply Depot  
  186  9:21  Supply Depot  
  186  9:25  Missile Turret  
  186  9:26  Missile Turret  
  186  9:27  Missile Turret  
  186  9:31  Missile Turret x2  
  186  9:35  Missile Turret  
  186  9:45  Marine  
  186  9:46  Marine x6  
Show
View Real Time Build Order
Export as new Build Order

A.I. 1 (Very Easy) Terran - Winner!

Build Orders:  

Get SALT Encoding   

  6  0:00  SCV  
  13  0:13  SCV  
  14  0:18  Supply Depot  
  14  0:37  Refinery  
  14  0:41  Barracks  
  14  1:03  Supply Depot  
  14  1:11  Refinery  
  14  1:29  Marine, Orbital Command  
  15  1:54  SCV  
  16  2:04  Marine  
  16  2:06  SCV  
  18  2:18  SCV  
  19  2:31  SCV  
  20  2:39  Marine  
  20  2:43  SCV  
  22  2:55  SCV  
  23  5:59  Marine, SCV  
  23  6:01  Supply Depot  
  23  6:02  Factory  
  22  6:11  SCV  
  23  6:23  SCV  
  24  6:26  Supply Depot  
  24  6:31  Barracks Tech Lab  
  24  6:35  SCV  
  24  6:47  SCV  
  24  6:49  Marine  
  24  6:50  Command Center  
  24  6:57  Starport  
  24  6:59  SCV  
  24  7:11  SCV  
  25  7:18  Hellion  
  25  7:22  Command Center  
  27  7:23  SCV  
  27  7:34  Command Center  
  27  7:35  SCV  
  27  7:36  Starport Tech Lab  
  28  7:44  Command Center  
  27  7:47  Hellion  
  27  7:48  SCV  
  27  7:49  Supply Depot  
  29  7:55  Command Center  
  29  7:57  Raven  
  31  8:00  SCV  
  32  8:15  Marauder  
  34  8:39  Raven  
  36  8:44  Hellion  
  38  9:08  SCV  
  39  9:10  Refinery  
  39  9:15  Marine, SCV  
  41  9:22  SCV, Refinery  
  41  9:29  SCV  
  42  9:36  SCV  
  43  9:44  SCV  
  44  9:48  Marine  
  44  9:51  SCV  
  46  9:58  SCV  
Tags
 
Add a new tag
Caveats
  • Supply blocks, unpowered buildings, or Contaminate may cause inaccurate times.
  • Supply counts are checked every 10 seconds.